 Dungeon Crawl Stone Soup version 0.31-a0-214-gb37851dbb3 (webtiles) character file.

Game seed: 2445790777239506523

89 qw the Shooter (level 4, 0/36 HPs)
             Began as a Minotaur Hexslinger on July 1, 2023.
             Slain by an orc wizard
             ... wielding a +0 dagger
              (3 damage)
             ... on level 3 of the Dungeon.
             The game lasted 00:00:31 (1422 turns).

qw the Shooter (Minotaur Hexslinger)                Turns: 1422, Time: 00:00:32

Health: 0/36       AC:  5    Str: 18    XL:     4   Next: 31%
Magic:  4/4        EV: 11    Int: 10    God:
Gold:   101        SH:  0    Dex: 15    Spells: 4/5 levels left

rFire   . . .        Y - +1 sling
rCold   . . .        (no shield)
rNeg    . . .        d - +0 ring mail
rPois   .            (helmet restricted)
rElec   .            (no cloak)
rCorr   .            (no gloves)
SInv    .            (no boots)
Will    .....        c - amulet of the acrobat
Stlth   +            a - +6 ring of strength
HPRegen 0.26/turn    (no ring)
MPRegen 0.09/turn

%: acrobat
@: no status effects
A: horns 2, retaliatory headbutt
a: no special abilities


You were on level 3 of the Dungeon.
You visited 1 branch of the dungeon, and saw 3 of its levels.

You collected 101 gold pieces.


Innate Abilities, Weirdness & Mutations

You have a pair of horns on your head.
You reflexively headbutt those who attack you in melee.


   Skills:
 - Level 2.0 Fighting
 + Level 4.7 Ranged Weapons
 - Level 1.0 Armour
 - Level 2.1 Dodging
 - Level 1.0 Spellcasting
 - Level 2.0 Hexes


You had 4 spell levels left.
You knew the following spells:

 Your Spells              Type           Power      Damage    Failure   Level
a - Slow                  Hex            16%        N/A       26%         1

Your spell library contained the following spells:

 Spells                   Type           Power      Damage    Failure   Level
 Inner Flame              Hex/Fire       2%         N/A       77%         3
 Portal Projectile        Hex/Tloc       4%         N/A       77%         3
 Cause Fear               Hex            2%         N/A       95%         4

Inventory:

Hand Weapons
 Y - a +1 sling (weapon)
Armour
 d - a +0 ring mail (worn)
Jewellery
 a - a +6 ring of strength (left hand)
 c - an amulet of the acrobat (around neck)
 e - an amulet of magic regeneration
Potions
 b - a potion of lignification {unknown}

Dungeon Overview and Level Annotations

Branches:
Dungeon (3/15)

Altars:
Makhleb


Message History

You shoot a sling bullet.
The sling bullet closely misses the orc priest.
The orc priest hits you with a +0 hand axe.
You hear some strange, mumbled words.
A puff of flame appears from out of thin air!
The puff of flame hits you.
You shoot a sling bullet. The sling bullet hits the orc priest!
You kill the orc priest!
You hear some strange, mumbled words.
Something tries to affect you, but you resist.
You have reached level 4!
You feel agile.
You shoot a sling bullet. Something hits you.
Something hits you but does no damage.
You shoot a sling bullet. Something hits you but does no damage.
You shoot a sling bullet. Something hits you.
You shoot a sling bullet. Something hits you but does no damage.
You shoot a sling bullet. Something hits you but does no damage.
Something hits you.
You shoot a sling bullet. Something hits you.
You shoot a sling bullet. Something hits you.
You shoot a sling bullet. Something hits you. x2
You shoot a sling bullet. Something hits you.
You shoot a sling bullet. Something hits you.
You shoot a sling bullet. Something hits you.
You shoot a sling bullet. Something completely misses you.
You shoot a sling bullet. Something hits you. x2
You shoot a sling bullet. Something hits you.
You die...

####.#.#.###
...<........ .>.#
.#.####.#### ...#
.#........#######...#
.######.............#
.......##...........#
.#####.##...........#
.# #.##...........#
.#####.##.......@)..#
.......##......##{..#
...............# ...#
...............# ...#
...............# ...#
.........#.##### ...#
)........#.# ....
.........#.# .####
.........#..


There were no monsters in sight!

Vanquished Creatures
  An orc priest (D:3)
  An adder (D:2)
  A worm (D:2)
  2 orcs (D:3)
  3 ball pythons
  4 bats
  6 endoplasms
  5 giant cockroaches
  5 hobgoblins
  4 frilled lizards
  4 goblins
  5 kobolds
  2 rats (D:1)
43 creatures vanquished.

Notes
Turn   | Place    | Note
-------+----------+-------------------------------------------
     0 | D:1      | qw the Minotaur Hexslinger began the quest for the Orb.
     0 | D:1      | Reached XP level 1. HP: 16/16 MP: 1/1
     0 | D:1      | 0 ||| qw: Version: 0.3-a-32-g5962c71
     0 | D:1      | 0 ||| qw: Game counter: 7349
     0 | D:1      | 0 ||| qw: Melee chars always use a shield: true
     0 | D:1      | 0 ||| qw: God list: Okawaru
     0 | D:1      | 0 ||| qw: Allow faded altars: false
     0 | D:1      | 0 ||| qw: Do Orc after clearing Dungeon:15 true
     0 | D:1      | 0 ||| qw: Do second Lair branch before Depths: true
     0 | D:1      | 0 ||| qw: Lair rune preference: random
     0 | D:1      | 0 ||| qw: Goals: Normal
     0 | D:1      | 0 ||| PLANNING D:1-11
    44 | D:1      | Reached skill level 3 in Ranged Weapons
    44 | D:1      | Reached XP level 2. HP: 23/23 MP: 2/2
   414 | D:1      | 414 ||| UPGRADING to +0 ring mail.
   424 | D:1      | 424 ||| DROPPING +0 robe.
   425 | D:1      | 425 ||| READING scroll labelled DONWUA SAPNAA.
   426 | D:1      | 426 ||| DROPPING scroll of poison.
   562 | D:2      | Reached XP level 3. HP: 27/29 MP: 3/3
   716 | D:2      | HP: 5/29 [worm (6)]
   810 | D:2      | Reached skill level 4 in Ranged Weapons
  1066 | D:2      | Found a burning altar of Makhleb.
  1072 | D:2      | Reached skill level 1 in Armour
  1316 | D:2      | 1316 ||| UPGRADING to amulet of the acrobat.
  1321 | D:2      | 1321 ||| UPGRADING to +6 ring of strength.
  1409 | D:3      | Reached XP level 4. HP: 23/36 MP: 4/4
  1418 | D:3      | HP: 9/36 [something (3)]
  1421 | D:3      | HP: 4/36 [something (3)]
  1422 | D:3      | Slain by an orc wizard

Levels and vault maps discovered:
D:1:      minmay_arrival_arboretum_small, layout_rooms
D:2:      layout_basic, basic_altar
D:3:      layout_basic, minivault_19, st_stairs_9

Skill      XL: |  1  2  3 |
---------------+----------+-----
Ranged Weapons | 3 4 |  4.7
Fighting       | 2 |  2.0
Armour         | 1 |  1.0
Dodging        | |  2.1
Spellcasting   | |  1.0
Hexes          | |  2.0

Action                     |  1- 3 |  4- 6 || total
---------------------------+-------+-------++-------
   Fire: Sling             |   107 |    14 ||   121
    Use: Scroll            |     1 |       ||     1
 Armour: Robe              |     5 |       ||     5
         Ring mail         |    12 |     4 ||    16
  Dodge: Dodged            |    29 |     1 ||    30

Table legend:
 A = Non-vault XP
 B = Vault XP
 C = Vault XP percentage of total XP
 D = Non-vault monster count
 E = Vault monster count
 F = Vault count percentage of total count
                 A         B        C        D         E       F
            +---------+---------+-------+---------+---------+-------
      Total |     128 |       0 |   0.0 |      43 |       0 |   0.0
            +---------+---------+-------+---------+---------+-------
        D:1 |      36 |       0 |   0.0 |      22 |       0 |   0.0
        D:2 |      41 |       0 |   0.0 |      16 |       0 |   0.0
        D:3 |      51 |       0 |   0.0 |       5 |       0 |   0.0
            +---------+---------+-------+---------+---------+-------
